 Dungeon Crawl Stone Soup version 0.28-a0-589-g333b8329f1 (webtiles) character file.

Game seed: 8327485272920687917

270 Heedrag the Chiller (level 6, 0/44 HPs)
             Began as a Demonspawn Ice Elementalist on Oct 3, 2021.
             Killed by nerve-wracking pain
             ... invoked by Menkaure
              (5 damage)
             ... on level 4 of the Dungeon.
             The game lasted 00:06:30 (4838 turns).

Heedrag the Chiller (Demonspawn Ice Elementalist)   Turns: 4838, Time: 00:06:31

Health: 0/44       AC: 10    Str:  9    XL:     6   Next: 1%
Magic:  2/10       EV: 12    Int: 18    God:
Gold:   166        SH:  0    Dex: 13    Spells: 3/10 levels left

rFire   . . .      SeeInvis .   c - +0 short sword
rCold   . . .      Faith    .   (no shield)
rNeg    . . .      Spirit   .   a - +0 robe
rPois   .          Reflect  .   (helmet restricted)
rElec   .          Harm     .   (no cloak)
rCorr   +          Rampage  .   p - +0 pair of gloves
Will    .....                   f - +0 pair of boots
Stlth   ++........              (no amulet)
HPRegen 0.14/turn               l - ring of resist corrosion
MPRegen 0.12/turn               (no ring)

@: ice-armoured
A: antennae 2, foul stench 1
a: no special abilities


You were on level 4 of the Dungeon.
You visited 1 branch of the dungeon, and saw 4 of its levels.

You collected 166 gold pieces.

Inventory:

Hand Weapons
 c - a +0 short sword (weapon)
   (You took it off a kobold on level 1 of the Dungeon)
Armour
 a - a +0 robe (worn)
 f - a +0 pair of boots (worn)
   (You found it on level 1 of the Dungeon)
 p - a +0 pair of gloves (worn)
   (You found it on level 3 of the Dungeon)
Jewellery
 l - a ring of resist corrosion (left hand)
   (You found it on level 3 of the Dungeon)
 m - a ring of fire
   (You found it on level 3 of the Dungeon)
Scrolls
 b - a scroll of amnesia {unknown}
 h - a scroll of fog {unknown}
 i - 4 scrolls of identify {unknown}
 j - a scroll of vulnerability {unknown}
 n - a scroll of magic mapping {unknown}
Potions
 d - 4 potions of lignification {unknown}
 e - a potion of might {unknown}
 g - a potion of haste {unknown}
 k - a potion of flight {unknown}
 o - a potion of cancellation {unknown}


   Skills:
 + Level 2.1 Fighting
 + Level 2.9 Dodging
 + Level 3.0 Stealth
 + Level 2.8 Spellcasting
 * Level 4.8 Ice Magic


You had 3 spell levels left.
You knew the following spells:

 Your Spells              Type           Power      Damage    Failure   Level
a - Freeze                Ice            76%        1d9       2%          1
b - Frozen Ramparts       Ice            38%        1d5       7%          3
c - Ozocubu's Armour      Ice            19%        N/A       7%          3

Your spell library contained the following spells:

 Spells                   Type           Power      Damage    Failure   Level
 Hailstorm                Conj/Ice       11%        3d5       52%         4
 Animate Armour           Summ/Erth      4%         N/A       86%         4
 Blade Hands              Tmut           1%         N/A       99%         5
 Iron Shot                Conj/Erth      1%         9d1       100%        6


Dungeon Overview and Level Annotations

Branches:
Dungeon (4/15)
 Temple: D:4-7

Altars:
Hepliaklqana

Shops:
D:1 *?[*

Annotations:
D:2 1 runed translucent door, Crazy Yiuf
D:4 Menkaure


Innate Abilities, Weirdness & Mutations

You have a pair of antennae on your head.
You may rarely emit foul miasma when damaged in melee.


Message History

Menkaure mumbles in an indecipherable tongue.
Menkaure barely misses you.
A kobold comes into view. It is wielding a +0 short sword.
The wall freezes the goblin.
You kill the goblin!
Unknown command.
Aim: Menkaure (moderately damaged, fast)
You freeze Menkaure.
Menkaure resists.
Menkaure completely resists.
The wall freezes Menkaure but does no damage.
Menkaure misses you.
The kobold throws a stone.
The stone hits you but does no damage.
Menkaure completely resists.
The wall freezes Menkaure but does no damage.
Menkaure hits you.
* * * LOW HITPOINT WARNING * * *
Unknown command.
Aim: Menkaure (heavily damaged, fast)
You freeze Menkaure.
Menkaure resists.
The kobold throws a stone.
The stone misses you.
The wall freezes the orc.
Menkaure resists.
The wall freezes Menkaure.
Menkaure calls on the powers of darkness!
Your body is wracked with pain!
* * * LOW HITPOINT WARNING * * *
The kobold convulses!
You hit Menkaure.
The frozen ramparts melt away.
Menkaure calls on the powers of darkness!
Your body is wracked with pain!
* * * LOW HITPOINT WARNING * * *
You barely miss Menkaure. The orc hits you but does no damage.
Menkaure gestures at you while chanting.
You barely resist.
The kobold throws a stone.
The stone barely misses you.
The stone hits the orc but does no damage.
The orc closely misses you.
You don't have enough magic to cast this spell.
You barely miss Menkaure.
Menkaure calls on the powers of darkness!
Your body is wracked with pain!
* * * LOW HITPOINT WARNING * * *
The kobold throws a stone.
The stone hits you but does no damage.
Menkaure calls on the powers of darkness!
Your body is wracked with pain!
* * * LOW HITPOINT WARNING * * *
The orc hits you but does no damage.
You hit Menkaure but do no damage. Menkaure barely misses you.
The kobold throws a stone.
The stone barely misses you.
The stone closely misses the orc.
The orc closely misses you.
Unknown command.
You hit Menkaure. Menkaure casts a spell at you. Pain shoots through your body!
You die...

..... ##... .
..... .. ...##
... .... ....
#..#####. .....
#........
......##o.).....
.......@M#.....#
.........# ....#
........##


gK.. ......... ... ##.(.#... .. #K..####. . .... # .... You could see Menkaure
(fast), an orc and a kobold.

Vanquished Creatures
  A hound (D:3)
  Ijyb (D:4)
  An iguana (D:2)
  Natasha (thrice) (D:2)
  5 adders
  2 worms (D:2)
  3 dart slugs
  5 endoplasms
  2 giant cockroaches
  7 goblins
  2 hobgoblins (D:1)
  6 jackals
  5 kobolds
  3 quokkas
  6 ball pythons
  4 bats
  5 frilled lizards
  5 rats
66 creatures vanquished.

Notes
Turn   | Place    | Note
-------+----------+-------------------------------------------
     0 | D:1      | Heedrag the Demonspawn Ice Elementalist began the quest for
                  | the Orb.
     0 | D:1      | Reached XP level 1. HP: 13/13 MP: 3/3
   187 | D:1      | Found a faded altar of an unknown god.
   643 | D:1      | Gained mutation: You may rarely emit foul miasma when
                  | damaged in melee. [demonic ancestry]
   643 | D:1      | Reached XP level 2. HP: 19/20 MP: 5/5
   835 | D:1      | Found Uloicuc's Magic Scroll Emporium.
  1120 | D:1      | Found Hiahya's Antique Armour Shop.
  1178 | D:1      | Found Atorgh's Assorted Antiques.
  1344 | D:1      | Found Kiebreej's Assorted Antiques.
  1450 | D:2      | Noticed Natasha
  1452 | D:2      | Noticed a crimson imp
  1652 | D:2      | Gained mutation: You have a pair of small antennae on your
                  | head. [demonic ancestry]
  1652 | D:2      | Reached XP level 3. HP: 24/25 MP: 4/6
  1656 | D:2      | Learned a level 3 spell: Frozen Ramparts
  1698 | D:2      | Reached skill level 4 in Ice Magic
  1879 | D:2      | Reached skill level 1 in Fighting
  2449 | D:2      | Found a runed translucent door.
  2450 | D:2      | Noticed Crazy Yiuf
  2508 | D:2      | Killed Natasha
  2509 | D:2      | Reached XP level 4. HP: 32/32 MP: 1/7
  2681 | D:2      | Noticed Natasha
  2696 | D:2      | Killed Natasha
  2804 | D:2      | Gained mutation: You have a pair of antennae on your head.
                  | [demonic ancestry]
  2804 | D:2      | Reached XP level 5. HP: 37/37 MP: 2/8
  3264 | D:2      | Noticed Natasha
  3269 | D:2      | Killed Natasha
  3952 | D:3      | Found a hazy altar of Hepliaklqana.
  4006 | D:3      | Learned a level 3 spell: Ozocubu's Armour
  4556 | D:4      | Noticed Ijyb
  4564 | D:4      | Noticed Menkaure
  4681 | D:4      | Killed Ijyb
  4688 | D:3      | Reached XP level 6. HP: 24/44 MP: 0/10
  4838 | D:4      | Killed from afar by Menkaure

Illustrated notes

Levels and vault maps discovered:
D:1:      nzn_arrival_depleted_hourglass, layout_loops_corners,
          chequers_ecumenical_altar_grove, serial_shops, nicolae_lakefront_shop,
          nicolae_square_shop, shop_fountains, nicolae_diamond_shop
D:2:      layout_basic, minmay_door_square, uniq_natasha,
          uniq_crazy_yiuf_cottage
D:3:      layout_basic, mainiacjoe_overflow_alcove_4, minmay_misc_feat_rows
D:4:      layout_cave_pools, minmay_temple_entry_stoned_glass, roderic_batcave,
          uniq_menkaure, uniq_ijyb, uniq_edmund, uniq_sigmund

Skill      XL: |  1  2  3  4  5 |
---------------+----------------+-----
Dodging        | 2 |  2.9
Stealth        | 2 3 |  3.0
Ice Magic      | 4 |  4.8
Fighting       | 1 2 |  2.1
Spellcasting   | |  2.8

Action                   |  1- 3 |  4- 6 || total
-------------------------+-------+-------++-------
Melee: Short sword       |    36 |    69 ||   105
       Unarmed           |     2 |       ||     2
 Cast: Freeze            |    35 |    19 ||    54
       Frozen Ramparts   |     3 |    11 ||    14
       Ozocubu's Armour  |       |     1 ||     1
 Stab: Sleeping          |       |     1 ||     1
Armor: Robe              |    12 |    21 ||    33
Dodge: Dodged            |    36 |    81 ||   117

Table legend: (Time is in decaauts)
 A = Elapsed time spent in this place.
 B = Non-inter-level travel time spent in this place.
 C = Inter-level travel time spent in this place.
 D = Time resting spent in this place.
 E = Time spent auto-exploring this place.
 F = Levels seen in this place.
 G = Mean time per level.
                   A        B        C        D        E       F      G
               +--------+--------+--------+--------+--------+-----+--------+
         Total |   4858 |   4750 |    108 |    589 |   3591 |   4 | 1214.5 |
       Dungeon |   4858 |   4750 |    108 |    589 |   3591 |   4 | 1214.5 |
               +--------+--------+--------+--------+--------+-----+--------+

Top non-repeatable levels by time:
     D:2: 2344 daAuts
     D:1: 1441 daAuts
     D:3: 1042 daAuts
     D:4: 30 daAuts
